 Dungeon Crawl Stone Soup version 0.28.0-43-g3370ac3207 (webtiles) character file.

Game seed: 12817812257693756648

77 RascalDebosk the Prestidigitator (level 4, 0/32 HPs)
             Began as a Gnoll Wanderer on Mar 6, 2022.
             Slain by a white imp (3 damage)
             ... summoned by Natasha
             ... on level 3 of the Dungeon.
             The game lasted 00:23:54 (1318 turns).

RascalDebosk the Prestidigitator (Gnoll Wanderer)   Turns: 1318, Time: 00:23:54

Health: 0/32       AC:  5    Str: 10    XL:     4   Next: 33%
Magic:  5/5        EV: 12    Int: 11    God:
Gold:   115        SH: 13    Dex: 15    Spells: 5/5 levels left

rFire   . . .      SeeInvis +     - Unarmed
rCold   . . .      Faith    .   f - +0 kite shield
rNeg    . . .      Spirit   .   g - +0 troll leather armour
rPois   .          Reflect  +   (no helmet)
rElec   .          Harm     .   (no cloak)
rCorr   .          Rampage  .   (no gloves)
Will    .....                   d - +0 pair of boots
Stlth   ++........              p - amulet of reflection
HPRegen 0.90/turn               k - ring of see invisible
MPRegen 0.09/turn               (no ring)

@: slowed, very slow
A: fangs 1, strong nose, distributed training
a: no special abilities


You were on level 3 of the Dungeon.
You visited 1 branch of the dungeon, and saw 3 of its levels.

You collected 115 gold pieces.

Inventory:

Hand Weapons
 a - a +0 shortbow
Missiles
 c - 23 arrows
 j - 9 boomerangs
Armour
 d - a +0 pair of boots (worn)
 e - a +0 robe
 f - a +0 kite shield (worn)
 g - a +0 troll leather armour (worn)
Jewellery
 k - a ring of see invisible (left hand)
 p - an amulet of reflection (around neck)
Scrolls
 i - a scroll of enchant armour {unknown}
 q - a scroll of enchant weapon {unknown}
Potions
 h - a potion of haste {unknown}
 l - a potion of attraction {unknown}
 m - a potion of heal wounds {unknown}
 n - a potion of brilliance {unknown}
 o - a potion of curing {unknown}


   Skills:
 + Level 1.1 Fighting
 + Level 1.1 Short Blades
 + Level 1.1 Long Blades
 + Level 1.1 Axes
 + Level 1.1 Maces & Flails
 + Level 1.1 Polearms
 + Level 1.1 Staves
 + Level 1.1 Slings
 + Level 2.7 Bows
 + Level 1.1 Crossbows
 + Level 1.1 Throwing
 + Level 2.7 Armour
 + Level 6.6 Dodging
 + Level 1.1 Stealth
 + Level 1.1 Shields
 + Level 1.1 Unarmed Combat
 + Level 1.1 Spellcasting
 + Level 0.8 Conjurations
 + Level 0.8 Hexes
 + Level 0.8 Summonings
 + Level 0.8 Necromancy
 + Level 0.8 Translocations
 + Level 0.8 Transmutations
 + Level 0.8 Fire Magic
 + Level 0.8 Ice Magic
 + Level 0.8 Air Magic
 + Level 0.8 Earth Magic
 + Level 0.8 Poison Magic
 + Level 1.2 Invocations
 + Level 10.4 Evocations


You had 5 spell levels left.
You didn't know any spells.
Your spell library contained the following spells:

 Spells                   Type           Power      Damage    Failure   Level
 Call Canine Familiar     Summ           2%         N/A       97%         3
 Portal Projectile        Hex/Tloc       4%         N/A       97%         3
 Leda's Liquefaction      Hex/Erth       1%         N/A       100%        4


Dungeon Overview and Level Annotations

Branches:
Dungeon (3/15)

Altars:

Annotations:
D:3 Natasha


Innate Abilities, Weirdness & Mutations

You have very sharp teeth.
Your uncanny sense of smell can sniff out nearby items.
Your experience applies equally to all skills.


Message History

You hit Natasha.
Natasha is severely wounded.
Natasha claws you.
* * * LOW HITPOINT WARNING * * *
You block the crimson imp's attack. The iron imp barely misses you.
You block Natasha's attack. The iron imp hits you!
* * * LOW HITPOINT WARNING * * *
The crimson imp closely misses you.
You hit Natasha.
Natasha is severely wounded.
The crimson imp disappears in a puff of smoke!
Natasha casts a spell.
You block the iron imp's attack. You block Natasha's attack.
You closely miss Natasha. Your bite misses Natasha.
Natasha is severely wounded.
The iron imp closely misses you. You block Natasha's attack.
You hit Natasha but do no damage. Your bite misses Natasha.
Natasha is severely wounded.
You block Natasha's attack. You block the iron imp's attack.
Natasha extends her claws.
You block Natasha's attack.
The crimson imp hits you but does no damage.
The iron imp barely misses you.
You closely miss Natasha.
Natasha is severely wounded.
Natasha barely misses you.
The crimson imp hits you but does no damage.
You block the iron imp's attack.
Natasha mumbles some strange words.
The crimson imp blinks!
You barely miss Natasha.
Natasha is severely wounded.
Natasha claws you but does no damage. You block the iron imp's attack.
The white imp closely misses you. Natasha claws you!
* * * LOW HITPOINT WARNING * * *
You barely miss Natasha.
Natasha is severely wounded.
The iron imp disappears in a puff of smoke!
The white imp hits you.
You die...

..# . #.# .... .####.# ∆
#..# ...##.# #..###
#<##.# #.... .#.##.#
#...# ......#### #...#
##.......# #.h§#
####....# #.@.#
.........######.5.#.###
###.....................
#................5....
#......................
#............##...#.##..
#......#####.......... .
#..#### #####.#†#### #.
∆+....#


You could see Natasha, a crimson imp (summoned) and a white imp (summoned).

Vanquished Creatures
  Jessica (D:2)
  Natasha (D:3)
  3 ball pythons
  An endoplasm (D:1)
  4 giant cockroaches (D:2)
  3 goblins
  A hobgoblin (D:2)
  2 jackals (D:1)
  A quokka (D:2)
  2 bats
  2 frilled lizards
  4 kobolds
25 creatures vanquished.

Notes
Turn   | Place    | Note
-------+----------+-------------------------------------------
     0 | D:1      | Reached skill level 10 in Evocations
     0 | D:1      | RascalDebosk the Gnoll Wanderer began the quest for the
                  | Orb.
     0 | D:1      | RascalDebosk set off with the following items: a +0
                  | shortbow, a wand of acid (3), 27 arrows, a +0 pair of
                  | boots, a +0 robe
     0 | D:1      | Reached XP level 1. HP: 13/13 MP: 1/1
   505 | D:1      | Reached XP level 2. HP: 17/19 MP: 2/2
   709 | D:1      | Found a faded altar of an unknown god.
   838 | D:2      | Noticed Jessica
   845 | D:2      | Killed Jessica
   846 | D:2      | Reached skill level 1 in Invocations
   846 | D:2      | Reached XP level 3. HP: 25/25 MP: 2/4
  1061 | D:2      | Reached skill level 1 in Fighting
  1061 | D:2      | Reached skill level 1 in Short Blades
  1061 | D:2      | Reached skill level 1 in Long Blades
  1061 | D:2      | Reached skill level 1 in Axes
  1061 | D:2      | Reached skill level 1 in Maces & Flails
  1061 | D:2      | Reached skill level 1 in Polearms
  1061 | D:2      | Reached skill level 1 in Staves
  1061 | D:2      | Reached skill level 1 in Slings
  1061 | D:2      | Reached skill level 1 in Crossbows
  1061 | D:2      | Reached skill level 1 in Throwing
  1061 | D:2      | Reached skill level 1 in Stealth
  1061 | D:2      | Reached skill level 1 in Shields
  1061 | D:2      | Reached skill level 1 in Unarmed Combat
  1061 | D:2      | Reached skill level 1 in Spellcasting
  1293 | D:3      | Noticed Natasha
  1295 | D:3      | Killed Natasha
  1296 | D:3      | Reached XP level 4. HP: 32/32 MP: 5/5
  1296 | D:3      | Noticed Natasha
  1312 | D:3      | HP: 1/32 [iron imp[Natasha] (8)]
  1317 | D:3      | HP: 1/32 [Natasha (8)]
  1318 | D:3      | Slain by a white imp

Illustrated notes

Levels and vault maps discovered:
D:1:      psy_arrival_wood_between_worlds, layout_basic,
          shapermc_ecumenical_altar_petra
D:2:      layout_rooms, uniq_jessica
D:3:      layout_loops_cross, mainiacjoe_overflow_surrounded_room, uniq_natasha,
          uniq_sigmund

Skill      XL: |  1  2  3 |
---------------+----------+-----
Evocations     | | 10.4
Invocations    | 1 |  1.2
Fighting       | 1 |  1.1
Short Blades   | 1 |  1.1
Long Blades    | 1 |  1.1
Axes           | 1 |  1.1
Maces & Flails | 1 |  1.1
Polearms       | 1 |  1.1
Staves         | 1 |  1.1
Slings         | 1 |  1.1
Crossbows      | 1 |  1.1
Throwing       | 1 |  1.1
Stealth        | 1 |  1.1
Shields        | 1 |  1.1
Unarmed Combat | 1 |  1.1
Spellcasting   | 1 |  1.1
Bows           | |  2.7
Armour         | |  2.7
Dodging        | |  6.6
Conjurations   | |  0.8
Hexes          | |  0.8
Summonings     | |  0.8
Necromancy     | |  0.8
Translocations | |  0.8
Transmutations | |  0.8
Fire Magic     | |  0.8
Ice Magic      | |  0.8
Air Magic      | |  0.8
Earth Magic    | |  0.8
Poison Magic   | |  0.8

Action                   |  1- 3 |  4- 6 || total
-------------------------+-------+-------++-------
Melee: Unarmed           |    70 |    17 ||    87
       Bite              |    10 |     2 ||    12
       Punch             |     2 |       ||     2
 Fire: Shortbow          |    31 |       ||    31
Evoke: Wand              |     3 |       ||     3
Armor: Troll leather arm |    15 |     6 ||    21
Dodge: Dodged            |    54 |    12 ||    66
Block: Kite shield       |       |    18 ||    18
